 Dungeon Crawl Stone Soup version 0.31-a0-963-ga325b2283a (webtiles) character file.

Game seed: 17427004610244831798

27 Frankeee the Changeling (level 2, 0/12 HPs)
             Began as a Felid Shapeshifter on Oct 25, 2023.
             Slain by an adder (4 damage)
             ... on level 2 of the Dungeon.
             The game lasted 00:00:44 (840 turns).

Frankeee the Changeling (Felid Shapeshifter)         Turns: 840, Time: 00:00:45

Health: 0/12       AC:  1    Str: 10    XL:     2   Next: 93%
Magic:  3/3        EV: 17    Int: 11    God:
Gold:   30         SH:  0    Dex: 15    Spells: 1/1 levels left
                                        Lives:  0   Deaths: 1

rFire   . .          .
                       - Unarmed
rCold   . . .        (shield unavailable)
rNeg    . . .        (body armour unavailable)
rPois   +            (helmet unavailable)
rElec   .            (cloak unavailable)
rCorr   .            (gloves unavailable)
SInv    +            (boots unavailable)
Will    .....        (no amulet)
Stlth   ++           g - ring of poison resistance
HPRegen 0.22/turn    (no ring)
MPRegen 0.08/turn

%: no passive effects
@: lethally poisoned (0 -> -4), beast-form, quick
A: beast (slay +2), very small, claws 1, fangs 3, see invisible, speed 1, shaggy
fur 1, stealthy paws, no weapons or thrown items, no armour, multi-lived
a: Begin Untransformation


You were on level 2 of the Dungeon.
You were a hulking beast.
You visited 1 branch of the dungeon, and saw 2 of its levels.

You collected 30 gold pieces.

Inventory:

Jewellery
 g - a ring of poison resistance (left paw)
Talismans
 b - a beast talisman (active)
 c - a flux talisman
 d - a serpent talisman
Scrolls
 e - a scroll of silence {unknown}
 h - a scroll of poison {unknown}
 i - a scroll of identify {unknown}
Potions
 a - a potion of lignification
 f - a potion of resistance {unknown}


   Skills:
 + Level 1.4 Fighting
 + Level 3.1 Dodging
 + Level 1.0 Stealth
 * Level 3.4 Unarmed Combat
 * Level 3.5 Shapeshifting


You had one spell level left.
You didn't know any spells.
Your spell library was empty.

Dungeon Overview and Level Annotations

Branches:
Dungeon (2/15)

Altars:


Innate Abilities, Weirdness & Mutations

You are a hulking beast.
Your limbs bulge with bestial killing power. (Slay +2)
You have sharp claws.
You have razor-sharp teeth.
You have supernaturally acute eyesight. (SInv)
You cover ground quickly. (Speed+)
You are covered in fur. (AC +1)
Your paws help you pounce on unaware monsters.
You are incapable of wielding weapons or throwing items.
You cannot wear armour.
You gain extra lives every three experience levels.


Message History

The quokka is heavily wounded.
The quokka misses you.
You claw the quokka!
You kill the quokka!
No target in view!
No target in view!
No target in view!
No target in view!
No target in view!
No target in view!
No target in view!
No target in view!
No target in view!
No target in view!
You see here a quokka corpse.
An adder comes into view.
Found a buckler.
The adder hisses angrily.
An adder is nearby!
An adder is nearby!
A rat comes into view.
You scratch the adder. Your bite misses the adder.
The adder is moderately wounded.
The adder bites you.
You barely miss the adder. Your claw misses the adder.
The adder is moderately wounded.
The adder misses you.
You closely miss the adder.
The adder is moderately wounded.
The adder bites you.
You are poisoned.
The adder poisons you! The rat closely misses you.
You miss the adder.
The adder is moderately wounded.
You feel sick. The adder misses you. The rat completely misses you.
The adder closely misses you.
You miss the adder.
The adder is moderately wounded.
You feel sick. The rat bites you. The adder bites you.
You die...

### ..# #.# #.#
#.# #.#
#[####.###.####
#......hS......
#####.##r######
#.##.# #.##.#
#.##.# #.##.#
#.##.#
#######.##.###
...........†.#
#


You could see an adder and a rat.

Vanquished Creatures
  An adder (D:2)
  2 endoplasms (D:1)
  2 hobgoblins (D:1)
  2 quokkas
  2 ball pythons
  A frilled lizard (D:1)
  3 goblins (D:1)
  4 kobolds
  A rat (D:1)
18 creatures vanquished.

Notes
Turn   | Place    | Note
-------+----------+-------------------------------------------
     0 | D:1      | Frankeee the Felid Shapeshifter began the quest for the
                  | Orb.
     0 | D:1      | Reached XP level 1. HP: 9/9 MP: 2/2
    62 | D:1      | Slain by a quokka
    63 | D:1      | Found a faded altar of an unknown god.
   146 | D:1      | Reached XP level 2. HP: 10/12 MP: 3/3
   671 | D:2      | Reached skill level 1 in Stealth
   840 | D:2      | Slain by an adder

Illustrated notes

Levels and vault maps discovered:
D:1:      psy_arrival_radial02, layout_rooms, shapermc_ecumenical_altar_venn,
          corexii_corridor_pit
D:2:      layout_loops_ring

Skill      XL: |  1  2 |
---------------+-------+-----
Dodging        | 3 |  3.1
Stealth        | 1 |  1.0
Fighting       | |  1.4
Unarmed Combat | |  3.4
Shapeshifting  | |  3.5

Action                     || total
---------------------------++-------
  Melee: Unarmed           ||    48
         Bite              ||     5
 Armour: Skin              ||    18
  Dodge: Dodged            ||    37
   Form: Beast             ||     1

Table legend: (Time is in decaauts)
 A = Elapsed time spent in this place.
 B = Non-inter-level travel time spent in this place.
 C = Inter-level travel time spent in this place.
 D = Time resting spent in this place.
 E = Time spent auto-exploring this place.
 F = Levels seen in this place.
 G = Mean time per level.
                   A        B        C        D        E       F      G
               +--------+--------+--------+--------+--------+-----+--------+
         Total |    695 |    667 |     28 |      0 |    543 |   2 |  347.5 |
       Dungeon |    695 |    667 |     28 |      0 |    543 |   2 |  347.5 |
               +--------+--------+--------+--------+--------+-----+--------+

Top non-repeatable levels by time:
     D:1: 442 daAuts
     D:2: 253 daAuts
